 Dungeon Sprint DCSS version 0.30-a0-373-gd37427bb62 (webtiles) character file.

Game seed: 5108912958125577717

2037 rocky1 the Thaumaturge (level 9, 0/76 HPs)
             Began as a Gnoll Warper on Nov 24, 2022.
             Was the Champion of Cheibriados.
             Slain by a flayed ghost (18 damage)
             ... in the Dungeon (Sprint VII: "The Pits").
             The game lasted 00:05:06 (1238 turns).

rocky1 the Thaumaturge (Gnoll Warper)               Turns: 1238, Time: 00:05:06

Health: 0/76       AC:  9    Str: 26    XL:     9   Next: 24%
Magic:  22/22      EV: 22    Int: 27    God:    Cheibriados [******]
Gold:   0          SH:  0    Dex: 31    Spells: 11/26 levels left

rFire   . . .      SeeInvis .    t - +2 scimitar (holy)
rCold   . . .      Faith    .    (no shield)
rNeg    + . .      Spirit   .    s - +3 leather armour {rN+}
rPois   .          Reflect  .    v - +0 helmet
rElec   .          Harm     .    u - +0 cloak
rCorr   .          Rampage  .    (no gloves)
Will    .....      NoTele   +    (no boots)
Stlth   ++++......               (no amulet)
HPRegen 0.32/turn                (no ring)
MPRegen 0.18/turn                (no ring)

@: flayed, very slow
A: fangs 1, strong nose, distributed training
a: Renounce Religion, Bend Time, Temporal Distortion, Slouch, Step From Time


You were in the Dungeon.
You worshipped Cheibriados.
Cheibriados was exalted by your worship.
You visited 1 branch

Inventory:

Hand Weapons
 o - a +2 long sword of flaming
 p - a +1 dagger of electrocution
 t - a +2 scimitar of holy wrath (weapon)
 w - a +2 vorpal morningstar
 x - a +2 halberd of venom
Missiles
 d - 7 boomerangs of dispersal
 q - 3 poisoned darts (quivered)
Armour
 s - a +3 leather armour of positive energy (worn)
 u - a +0 cloak (worn)
 v - a +0 helmet (worn)
Jewellery
 a - a +3 ring of dexterity
 b - a +3 ring of intelligence
Wands
 r - a wand of flame (28)
Scrolls
 c - 2 scrolls of blinking
 k - 5 scrolls of amnesia
 l - a scroll of summoning
Potions
 e - 7 potions of curing
 f - 10 potions of heal wounds
 g - a potion of haste
 h - 4 potions of magic
 i - 3 potions of berserk rage
 j - 2 potions of invisibility
 m - 2 potions of brilliance
 n - 3 potions of mutation


   Skills:
 + Level 9.0 Fighting
 + Level 7.7 Short Blades
 + Level 9.0 Long Blades
 + Level 7.7 Axes
 + Level 7.7 Maces & Flails
 + Level 7.7 Polearms
 + Level 7.7 Staves
 + Level 7.7 Ranged Weapons
 + Level 8.2 Throwing
 + Level 8.2 Armour
 + Level 9.0 Dodging
 + Level 7.7 Stealth
 + Level 7.7 Shields
 + Level 7.7 Unarmed Combat
 + Level 9.2 Spellcasting
 + Level 6.4 Conjurations
 + Level 6.4 Hexes
 + Level 6.4 Summonings
 + Level 6.4 Necromancy
 + Level 8.5 Translocations
 + Level 6.4 Transmutations
 + Level 6.4 Fire Magic
 + Level 6.4 Ice Magic
 + Level 6.4 Air Magic
 + Level 6.4 Earth Magic
 + Level 6.4 Poison Magic
 + Level 8.4 Invocations
 + Level 7.7 Evocations


You had 11 spell levels left.
You knew the following spells:

 Your Spells              Type           Power      Damage    Failure   Level
a - Blink                 Tloc           100%       N/A       1%          2
b - Vhi's Electric Charg  Tloc/Air       100%       N/A       1%          3
c - Manifold Assault      Tloc           55%        N/A       1%          4
d - Teleport Other        Tloc           55%        N/A       1%          3
e - Lesser Beckoning      Tloc           100%       N/A       1%          3

Your spell library contained the following spells:

 Spells                   Type           Power      Damage    Failure   Level


Dungeon Overview and Level Annotations

Branches:
Dungeon (1/1)

Altars:
Ashenzari
Cheibriados
Dithmenos
Elyvilon
Fedhas
Gozag
Hepliaklqana
Kikubaaqudgha
Makhleb
Nemelex Xobeh
Okawaru
Qazlal
Ru
Sif Muna
Trog
Uskayaw
Vehumet
Wu Jian
Xom
Yredelemnul
Zin
The Shining One
Jiyva
Lugonu


Innate Abilities, Weirdness & Mutations

You have very sharp teeth.
Your uncanny sense of smell can sniff out nearby items.
Your experience applies equally to all skills.


Message History

You bite the bullfrog, but do no damage.
The bullfrog is heavily wounded.
The bullfrog misses you.
You closely miss the bullfrog.
The bullfrog is heavily wounded.
The bullfrog closely misses you. The bullfrog hits you.
You hit the bullfrog.
The bullfrog is severely wounded.
The bullfrog completely misses you.
You closely miss the bullfrog.
The bullfrog is severely wounded.
The bullfrog hits you. The bullfrog closely misses you.
You closely miss the bullfrog.
The bullfrog is severely wounded.
The bullfrog misses you.
You slash the bullfrog!
You kill the bullfrog!
Cheibriados thoroughly appreciates the change of pace.
You see here a bullfrog corpse.
You start resting.
HP restored.
You open the door.
A flayed ghost comes into view.
The flayed ghost stares at you with tortured malice.
Terrible wounds open up all over your body!
Unknown command.
The flayed ghost stares at you with tortured malice.
Terrible wounds spread across more of your body!
There is an open door, spattered with blood here.
The flayed ghost hits you!!
* * * LOW HITPOINT WARNING * * *
The flayed ghost misses you.
You slash the flayed ghost!
The flayed ghost convulses!
The flayed ghost is moderately damaged.
The flayed ghost hits you.
* * * LOW HITPOINT WARNING * * *
You slash the flayed ghost!
The flayed ghost convulses.
The flayed ghost is heavily damaged.
The flayed ghost hits you!!
You die...

.....#.†#......#
........†......#
##'#####)'######
......##''#########
......##......#...+
......##....###.†.#
..<...##...##.'...+
......##..##..##'##
......##..#..##.@.#
......##..#..#..W..#
########..'..+.....+
########..#..#.....#
.#..[.##..#..##...##
.#...[##..##..##+##
.'...)##...##.+
.#....##....###
.#..))##......#


You could see a flayed ghost.

Vanquished Creatures
  A hydra (D)
  A smoke demon (D)
  2 hellwings (D)
  A redback (D)
  A basilisk (D)
  A floating eye (D)
  A kobold brigand (D)
  A bullfrog (D)
  A crimson imp (D)
  A hound (D)
  Ijyb (D)
  An iguana (D)
  A mummy (D)
  2 gnolls (D)
  A river rat (D)
  An adder (D)
  An adder skeleton (D)
  An orc (D)
  A bat zombie (D)
  2 endoplasms (D)
  A giant cockroach (D)
  A goblin (D)
  A hobgoblin (D)
  6 jackals (D)
  A quokka (D)
  A frilled lizard (D)
  A kobold (D)
35 creatures vanquished.

Notes
Turn   | Place    | Note
-------+----------+-------------------------------------------
     0 | D        | rocky1 the Gnoll Warper began the quest for the Orb.
     0 | D        | Reached XP level 1. HP: 20/20 MP: 6/6
    48 | D        | Found a bloodstained altar of Trog.
    48 | D        | Found a shimmering blue altar of Sif Muna.
    48 | D        | Found a viscous altar of Jiyva.
    48 | D        | Found a hazy altar of Hepliaklqana.
    48 | D        | Found an opulent altar of Gozag.
    49 | D        | Found a glowing golden altar of the Shining One.
    49 | D        | Found a glowing silver altar of Zin.
    49 | D        | Found a basalt altar of Yredelemnul.
    49 | D        | Found a shimmering altar of Xom.
    49 | D        | Found an ornate altar of the Wu Jian Council.
    49 | D        | Found a sacrificial altar of Ru.
    49 | D        | Found a stormy altar of Qazlal.
    49 | D        | Found an iron altar of Okawaru.
    49 | D        | Found a sparkling altar of Nemelex Xobeh.
    49 | D        | Found a burning altar of Makhleb.
    49 | D        | Found a blossoming altar of Fedhas.
    49 | D        | Found a white marble altar of Elyvilon.
    49 | D        | Found a shadowy altar of Dithmenos.
    49 | D        | Found a snail-covered altar of Cheibriados.
    51 | D        | Found a radiant altar of Vehumet.
    51 | D        | Found a corrupted altar of Lugonu.
    52 | D        | Found a hide-covered altar of Uskayaw.
    52 | D        | Found an ancient bone altar of Kikubaaqudgha.
    52 | D        | Found a broken altar of Ashenzari.
    60 | D        | Became a worshipper of Cheibriados the Contemplative
    83 | D        | Reached skill level 5 in Spellcasting
    87 | D        | Reached skill level 1 in Invocations
   126 | D        | Reached * piety under Cheibriados
   128 | D        | Reached skill level 1 in Short Blades
   128 | D        | Reached skill level 1 in Axes
   128 | D        | Reached skill level 1 in Maces & Flails
   128 | D        | Reached skill level 1 in Polearms
   128 | D        | Reached skill level 1 in Staves
   128 | D        | Reached skill level 1 in Ranged Weapons
   128 | D        | Reached skill level 1 in Stealth
   128 | D        | Reached skill level 1 in Shields
   128 | D        | Reached skill level 1 in Unarmed Combat
   128 | D        | Reached skill level 1 in Evocations
   128 | D        | Reached XP level 2. HP: 24/26 MP: 8/8
   135 | D        | Noticed a floating eye
   147 | D        | Paralysed by a floating eye for 4 turns
   153 | D        | Killed a floating eye
   154 | D        | Reached skill level 5 in Fighting
   154 | D        | Reached skill level 5 in Long Blades
   154 | D        | Reached skill level 5 in Dodging
   154 | D        | Reached XP level 3. HP: 33/33 MP: 10/10
   154 | D        | Reached XP level 4. HP: 39/39 MP: 11/11
   157 | D        | Reached ** piety under Cheibriados
   219 | D        | Learned a level 2 spell: Blink
   223 | D        | Learned a level 3 spell: Vhi's Electric Charge
   228 | D        | Learned a level 4 spell: Manifold Assault
   232 | D        | Learned a level 3 spell: Teleport Other
   236 | D        | Learned a level 3 spell: Lesser Beckoning
   345 | D        | Noticed a kobold brigand
   358 | D        | Reached *** piety under Cheibriados
   359 | D        | Reached XP level 5. HP: 39/46 MP: 13/13
   362 | D        | Killed a kobold brigand
   364 | D        | Reached **** piety under Cheibriados
   367 | D        | Reached skill level 5 in Throwing
   367 | D        | Reached skill level 5 in Armour
   367 | D        | Reached XP level 6. HP: 26/53 MP: 13/15
   373 | D        | Reached ***** piety under Cheibriados
   481 | D        | Noticed a hellwing
   488 | D        | Killed a hellwing
   489 | D        | Reached skill level 5 in Short Blades
   489 | D        | Reached skill level 5 in Axes
   489 | D        | Reached skill level 5 in Maces & Flails
   489 | D        | Reached skill level 5 in Polearms
   489 | D        | Reached skill level 5 in Staves
   489 | D        | Reached skill level 5 in Ranged Weapons
   489 | D        | Reached skill level 5 in Stealth
   489 | D        | Reached skill level 5 in Shields
   489 | D        | Reached skill level 5 in Unarmed Combat
   489 | D        | Reached skill level 5 in Evocations
   489 | D        | Reached XP level 7. HP: 44/60 MP: 0/17
   540 | D        | Noticed Ijyb
   553 | D        | Killed Ijyb
   595 | D        | Noticed a four-headed hydra
   603 | D        | Killed a one-headed hydra
   604 | D        | Reached skill level 5 in Conjurations
   604 | D        | Reached skill level 5 in Hexes
   604 | D        | Reached skill level 5 in Summonings
   604 | D        | Reached skill level 5 in Necromancy
   604 | D        | Reached skill level 5 in Transmutations
   604 | D        | Reached skill level 5 in Fire Magic
   604 | D        | Reached skill level 5 in Ice Magic
   604 | D        | Reached skill level 5 in Air Magic
   604 | D        | Reached skill level 5 in Earth Magic
   604 | D        | Reached skill level 5 in Poison Magic
   604 | D        | Reached XP level 8. HP: 48/68 MP: 8/20
   949 | D        | Noticed a hellwing
   951 | D        | Reached ****** piety under Cheibriados
   959 | D        | Killed a hellwing
  1094 | D        | Reached XP level 9. HP: 41/75 MP: 20/22
  1203 | D        | Noticed a smoke demon
  1206 | D        | Killed a smoke demon
  1234 | D        | Noticed a flayed ghost
  1238 | D        | Slain by a flayed ghost

Illustrated notes

Levels and vault maps discovered:
D:        pitsprint [storerooms_1, entrance_room_1, metal_vault_6, armoury_1,
          mini_pit_1, grid_room_1, main_hall_1, silver_pit, the_coven_2,
          the_vestibule_1, steel_vault_3, golden_pit, hallway_of_sentries,
          crystal_vault_1, iron_vault_4, final_vault]

Skill      XL: |  1  2  3  4  5  6  7  8  9 |
---------------+----------------------------+-----
Spellcasting   | 5 6 7 8 9 |  9.2
Invocations    | 1 3 4 6 7 8 |  8.4
Short Blades   | 1 3 4 5 6 7 |  7.7
Axes           | 1 3 4 5 6 7 |  7.7
Maces & Flails | 1 3 4 5 6 7 |  7.7
Polearms       | 1 3 4 5 6 7 |  7.7
Staves         | 1 3 4 5 6 7 |  7.7
Ranged Weapons | 1 3 4 5 6 7 |  7.7
Stealth        | 1 3 4 5 6 7 |  7.7
Shields        | 1 3 4 5 6 7 |  7.7
Unarmed Combat | 1 3 4 5 6 7 |  7.7
Evocations     | 1 3 4 5 6 7 |  7.7
Fighting       | 5 6 7 8 9 |  9.0
Long Blades    | 5 6 7 8 9 |  9.0
Throwing       | 4 5 6 7 8 |  8.2
Armour         | 4 5 6 7 8 |  8.2
Dodging        | 5 6 7 8 9 |  9.0
Conjurations   | 2 3 4 5 6 |  6.4
Hexes          | 2 3 4 5 6 |  6.4
Summonings     | 2 3 4 5 6 |  6.4
Necromancy     | 2 3 4 5 6 |  6.4
Translocations | 6 7 8 |  8.5
Transmutations | 2 3 4 5 6 |  6.4
Fire Magic     | 2 3 4 5 6 |  6.4
Ice Magic      | 2 3 4 5 6 |  6.4
Air Magic      | 2 3 4 5 6 |  6.4
Earth Magic    | 2 3 4 5 6 |  6.4
Poison Magic   | 2 3 4 5 6 |  6.4

Action                   |  1- 3 |  4- 6 |  7- 9 || total
-------------------------+-------+-------+-------++-------
Melee: Falchion          |    26 |     8 |       ||    34
       Bite              |     6 |       |     8 ||    14
       Long sword        |       |    22 |    17 ||    39
       Scimitar          |       |       |    42 ||    42
       Punch             |       |       |     1 ||     1
Throw: Dart              |       |       |     2 ||     2
Invok: Slouch            |       |     3 |     2 ||     5
  Use: Potion            |       |     2 |       ||     2
 Stab: Sleeping          |       |     1 |     4 ||     5
Armor: Leather armour    |     3 |    10 |    11 ||    24
Dodge: Dodged            |    12 |    31 |    51 ||    94

Table legend: (Time is in decaauts)
 A = Elapsed time spent in this place.
 B = Non-inter-level travel time spent in this place.
 C = Inter-level travel time spent in this place.
 D = Time resting spent in this place.
 E = Time spent auto-exploring this place.
 F = Levels seen in this place.
 G = Mean time per level.
                   A        B        C        D        E       F      G
               +--------+--------+--------+--------+--------+-----+--------+
         Total |   1420 |   1307 |    113 |    706 |      0 |   1 | 1420.0 |
       Dungeon |   1420 |   1307 |    113 |    706 |      0 |   1 | 1420.0 |
               +--------+--------+--------+--------+--------+-----+--------+

Top non-repeatable levels by time:
       D: 1420 daAuts
